 Dungeon Crawl Stone Soup version 0.30-a0-1160-g6e42c06551 (webtiles) character file.

Game seed: 4879947815307644582

1603 retardedninja the Magician (level 8, -15/60 HPs)
             Began as a Gnoll Fire Elementalist on Apr 26, 2023.
             Demolished by an orc warrior
             ... wielding a +0 battleaxe
              (16 damage)
             ... on level 6 of the Dungeon.
             The game lasted 00:06:54 (6234 turns).

retardedninja the Magician (GnFE)                   Turns: 6234, Time: 00:06:56

Health: -15/60     AC:  7    Str:  7    XL:     8   Next: 94%
Magic:  8/17       EV: 14    Int: 20    God:
Gold:   242        SH:  0    Dex: 14    Spells: 16/19 levels left

rFire   . . .        r - +0 morningstar (freeze)
rCold   . . .        (no shield)
rNeg    . . .        p - +4 robe "Idooruf" {Will++ Int+2 Dex+2}
rPois   .            j - +0 helmet
rElec   .            (no cloak)
rCorr   .            (no gloves)
SInv    +            (no boots)
Will    ++...        (no amulet)
Stlth   +++          d - ring of see invisible
HPRegen 0.30/turn    (no ring)
MPRegen 0.15/turn

%: no passive effects
@: attractive
A: fangs 1, strong nose, distributed training
a: no special abilities


You were on level 6 of the Dungeon.
You visited 1 branch of the dungeon, and saw 6 of its levels.

You collected 242 gold pieces.

Inventory:

Hand Weapons
 r - a +0 morningstar of freezing (weapon)
Armour
 j - a +0 helmet (worn)
 p - the +4 robe "Idooruf" (worn) {Will++ Int+2 Dex+2}
   (You found it on level 3 of the Dungeon)

   Int:       It affects your intelligence (+2).
   Dex:       It affects your dexterity (+2).
   Will:      It greatly increases your willpower.
Jewellery
 d - a ring of see invisible (left hand)
 u - a ring of see invisible
 v - a ring of fire
Wands
 n - a wand of roots (6)
 t - a wand of flame (8)
Scrolls
 e - 2 scrolls of teleportation {unknown}
 f - 8 scrolls of identify {unknown}
 i - a scroll of vulnerability {unknown}
 m - 2 scrolls of fog {unknown}
 q - a scroll of fear {unknown}
 s - a scroll of immolation {unknown}
 w - 3 scrolls of enchant weapon {unknown}
 x - a scroll of enchant armour {unknown}
 y - a scroll of blinking {unknown}
Potions
 a - a potion of haste {unknown}
 b - 2 potions of magic
 c - a potion of curing {unknown}
 g - 2 potions of flight {unknown}
 h - a potion of degeneration {unknown}
 k - 2 potions of heal wounds {unknown}
 l - 2 potions of might {unknown}
 o - 3 potions of attraction


   Skills:
 + Level 3.8 Fighting
 + Level 3.8 Short Blades
 + Level 3.8 Long Blades
 + Level 3.8 Axes
 + Level 3.8 Maces & Flails
 + Level 3.8 Polearms
 + Level 3.8 Staves
 + Level 3.8 Ranged Weapons
 + Level 3.8 Throwing
 + Level 3.8 Armour
 + Level 6.0 Dodging
 + Level 5.7 Stealth
 + Level 3.8 Shields
 + Level 3.8 Unarmed Combat
 + Level 6.4 Spellcasting
 + Level 3.9 Conjurations
 + Level 3.1 Hexes
 + Level 3.1 Summonings
 + Level 3.1 Necromancy
 + Level 3.1 Translocations
 + Level 3.1 Transmutations
 + Level 6.3 Fire Magic
 + Level 3.1 Ice Magic
 + Level 3.1 Air Magic
 + Level 3.1 Earth Magic
 + Level 3.1 Poison Magic
 + Level 4.2 Invocations
 + Level 3.8 Evocations


You had 16 spell levels left.
You knew the following spells:

 Your Spells              Type           Power      Damage    Failure   Level
a - Foxfire               Conj/Fire      100%       2x1d9     1%          1
b - Scorch                Fire           62%        2d8       1%          2

Your spell library contained the following spells:

 Spells                   Type           Power      Damage    Failure   Level
 Magic Dart               Conj           88%        1d7       1%          1
 Slow                     Hex            76%        N/A       2%          1
 Searing Ray              Conj           44%        2d6       3%          2
 Inner Flame              Hex/Fire       25%        N/A       4%          3
 Volatile Blastmotes      Fire/Tloc      50%        2d14      4%          3
 Confusing Touch          Hex            19%        N/A       9%          3
 Vampiric Draining        Necr           19%        2d7       9%          3
 Flame Wave               Conj/Fire      27%        2d9       12%         4
 Fulminant Prism          Conj/Hex       10%        3d9       24%         4


Dungeon Overview and Level Annotations

Branches:
Dungeon (6/15)
 Temple: D:4-7

Altars:
Dithmenos
Elyvilon
Kikubaaqudgha
Qazlal
Ru

Shops:
D:1 *


Innate Abilities, Weirdness & Mutations

You have very sharp teeth.
Your uncanny sense of smell can sniff out nearby items.
Your experience applies equally to all skills.


Message History

Casting: Scorch (safe; 1% risk of failure)
Confirm with . or Enter, or press ? or * to list all spells.
You don't know that spell.
An orc comes into view. It is wielding a +0 flail.
The orc warrior hits you with a +0 battleaxe!
You hit the orc warrior. You freeze the orc warrior.
Your bite misses the orc warrior.
The orc warrior is lightly wounded.
The orc warrior barely misses you.
You barely miss the orc warrior.
The orc warrior is lightly wounded.
An orc wizard comes into view. It is wielding a +0 dagger.
The orc hits you with a +0 flail. The orc warrior barely misses you.
You closely miss the orc warrior.
The orc warrior is lightly wounded.
The orc warrior completely misses you.
You hit the orc warrior but do no damage.
You bite the orc warrior, but do no damage.
The orc warrior is lightly wounded.
The orc warrior misses you.
The orc wizard hits you with a +0 dagger.
The orc warrior hits you with a +0 battleaxe!
You sock the orc warrior! You freeze the orc warrior.
Your bite misses the orc warrior.
The orc warrior is heavily wounded.
The orc wizard completely misses you. The orc warrior closely misses you.
The orc hits you with a +0 flail.
You puncture the orc warrior! You freeze the orc warrior.
The orc warrior is almost dead.
The orc wizard barely misses you.
The orc warrior hits you with a +0 battleaxe!!
* * * LOW HITPOINT WARNING * * *
The orc closely misses you.
It was a potion of attraction.
You feel attractive to monsters.
The orc wizard hits you with a +0 dagger.
* * * LOW HITPOINT WARNING * * *
The orc closely misses you.
The orc warrior hits you with a +0 battleaxe!
You die...

∆ . ∆ #########..
. #..../.....
...####..........
.................
[.....†.o@o.....#
......†)o#####...
.........#
..........
##.........
#..........
+...........
#............


You could see an orc warrior, an orc wizard and an orc.

Vanquished Creatures
  A hornet (D:4)
  Sigmund (D:2)
  A shadow (D:5)
  A vampire mosquito (D:5)
  4 ogres
  3 killer bees (D:6)
  2 howler monkeys (D:5)
  3 hounds
  2 iguanas
  An orc wizard (D:4)
  Robin (D:3)
  4 gnolls
  6 adders
  An ufetubus (D:5)
  4 worms
  3 dart slugs
  15 orcs
  4 ball pythons
  9 bats
  5 endoplasms
  5 giant cockroaches
  16 goblins
  7 hobgoblins
  5 jackals (D:4)
  6 quokkas
  4 frilled lizards
  7 kobolds
  21 rats
142 creatures vanquished.

Vanquished Creatures (collateral kills)
  8 foxfires
8 creatures vanquished.

Vanquished Creatures (others)
  A human (D:4)
  462 foxfires
463 creatures vanquished.

Grand Total: 613 creatures vanquished

Notes
Turn   | Place    | Note
-------+----------+-------------------------------------------
     0 | D:1      | retardedninja the Gnoll Fire Elementalist began the quest
                  | for the Orb.
     0 | D:1      | Reached XP level 1. HP: 13/13 MP: 6/6
    19 | D:1      | Found Emileanu's Assorted Antiques.
    85 | D:1      | Reached XP level 2. HP: 19/19 MP: 2/7
   244 | D:1      | Found Cuxzunup's Book Shop.
   820 | D:2      | Reached skill level 5 in Spellcasting
   820 | D:2      | Reached XP level 3. HP: 25/25 MP: 3/9
  1224 | D:2      | Noticed Sigmund
  1230 | D:2      | Learned a level 2 spell: Scorch
  1232 | D:2      | Killed Sigmund
  1233 | D:2      | Reached skill level 1 in Fighting
  1233 | D:2      | Reached skill level 1 in Short Blades
  1233 | D:2      | Reached skill level 1 in Long Blades
  1233 | D:2      | Reached skill level 1 in Axes
  1233 | D:2      | Reached skill level 1 in Maces & Flails
  1233 | D:2      | Reached skill level 1 in Polearms
  1233 | D:2      | Reached skill level 1 in Staves
  1233 | D:2      | Reached skill level 1 in Ranged Weapons
  1233 | D:2      | Reached skill level 1 in Throwing
  1233 | D:2      | Reached skill level 1 in Armour
  1233 | D:2      | Reached skill level 1 in Shields
  1233 | D:2      | Reached skill level 1 in Unarmed Combat
  1233 | D:2      | Reached skill level 1 in Hexes
  1233 | D:2      | Reached skill level 1 in Summonings
  1233 | D:2      | Reached skill level 1 in Necromancy
  1233 | D:2      | Reached skill level 1 in Translocations
  1233 | D:2      | Reached skill level 1 in Transmutations
  1233 | D:2      | Reached skill level 1 in Ice Magic
  1233 | D:2      | Reached skill level 1 in Air Magic
  1233 | D:2      | Reached skill level 1 in Earth Magic
  1233 | D:2      | Reached skill level 1 in Poison Magic
  1233 | D:2      | Reached skill level 1 in Invocations
  1233 | D:2      | Reached skill level 1 in Evocations
  1233 | D:2      | Reached XP level 4. HP: 33/33 MP: 2/11
  1233 | D:2      | Reached XP level 5. HP: 38/38 MP: 2/12
  1829 | D:2      | Reached XP level 6. HP: 44/44 MP: 11/13
  2422 | D:3      | Found a faded altar of an unknown god.
  2607 | D:3      | Identified the +4 robe "Idooruf" {Will++ Int+2 Dex+2}
  2650 | D:3      | Noticed Robin
  2669 | D:3      | Killed Robin
  2670 | D:3      | Reached skill level 5 in Dodging
  3165 | D:3      | Identified the +1 chain mail of Action {rElec}
  3944 | D:4      | Found a sacrificial altar of Ru.
  4030 | D:4      | Noticed a hornet
  4036 | D:4      | Paralysed by a hornet for 2 turns
  4038 | D:4      | Killed a hornet
  4039 | D:4      | Reached XP level 7. HP: 18/51 MP: 7/15
  4582 | D:4      | Found an ancient bone altar of Kikubaaqudgha.
  4583 | D:4      | Noticed a human
  4585 | D:4      | Killed a human
  4624 | D:4      | Reached skill level 5 in Stealth
  5034 | D:5      | Entered Level 5 of the Dungeon
  5324 | D:5      | Found a stormy altar of Qazlal.
  5324 | D:5      | Noticed a vampire mosquito
  5330 | D:5      | Killed a vampire mosquito
  5439 | D:5      | Reached XP level 8. HP: 58/58 MP: 11/16
  5525 | D:5      | Found a white marble altar of Elyvilon.
  5765 | D:5      | Noticed a shadow
  5769 | D:5      | Killed a shadow
  5824 | D:5      | Found a shadowy altar of Dithmenos.
  6233 | D:6      | HP: 2/60 [orc warrior/+0 battleaxe (19)]
  6234 | D:6      | Demolished by an orc warrior

Illustrated notes

Levels and vault maps discovered:
D:1:      sevenhm_arrival_forest_fort_small_4, layout_rooms, serial_shops, shop,
          shop
D:2:      layout_basic, uniq_sigmund
D:3:      layout_loops_cross, hellmonk_ecumenical_altar_run_dry, uniq_robin
D:4:      layout_basic, nicolae_ru_great_annihilating_truth, tgw_kikubaaqudgha,
          minmay_rat_hole
D:5:      layout_loops_ring, elyvilon_altar_4, hangedman_feature_mirror,
          cheibrodos_gnoll_hut
D:6:      layout_basic, nicolae_overflow_crystal_walls

Skill      XL: |  1  2  3  4  5  6  7  8 |
---------------+-------------------------+-----
Conjurations   | 2 3 |  3.9
Spellcasting   | 5 6 |  6.4
Fighting       | 1 2 3 |  3.8
Short Blades   | 1 2 3 |  3.8
Long Blades    | 1 2 3 |  3.8
Axes           | 1 2 3 |  3.8
Maces & Flails | 1 2 3 |  3.8
Polearms       | 1 2 3 |  3.8
Staves         | 1 2 3 |  3.8
Ranged Weapons | 1 2 3 |  3.8
Throwing       | 1 2 3 |  3.8
Armour         | 1 2 3 |  3.8
Shields        | 1 2 3 |  3.8
Unarmed Combat | 1 2 3 |  3.8
Hexes          | 1 2 3 |  3.1
Summonings     | 1 2 3 |  3.1
Necromancy     | 1 2 3 |  3.1
Translocations | 1 2 3 |  3.1
Transmutations | 1 2 3 |  3.1
Ice Magic      | 1 2 3 |  3.1
Air Magic      | 1 2 3 |  3.1
Earth Magic    | 1 2 3 |  3.1
Poison Magic   | 1 2 3 |  3.1
Invocations    | 1 2 3 4 |  4.2
Evocations     | 1 2 3 |  3.8
Dodging        | 5 6 |  6.0
Stealth        | 5 |  5.7
Fire Magic     | 6 |  6.3

Action                     |  1- 3 |  4- 6 |  7- 9 || total
---------------------------+-------+-------+-------++-------
  Melee: Unarmed           |     4 |       |       ||     4
         Quarterstaff      |       |    11 |       ||    11
         Bite              |       |     1 |     5 ||     6
         Morningstar       |       |       |    38 ||    38
   Cast: Foxfire           |    81 |   129 |    86 ||   296
         Scorch            |     3 |    15 |    24 ||    42
  Evoke: Wand              |       |     1 |     3 ||     4
    Use: Potion            |       |       |     1 ||     1
 Armour: Robe              |     1 |    15 |    34 ||    50
  Dodge: Dodged            |    19 |    48 |    95 ||   162

Table legend: (Time is in decaauts)
 A = Elapsed time spent in this place.
 B = Non-inter-level travel time spent in this place.
 C = Inter-level travel time spent in this place.
 D = Time resting spent in this place.
 E = Time spent auto-exploring this place.
 F = Levels seen in this place.
 G = Mean time per level.
                   A        B        C        D        E       F      G
               +--------+--------+--------+--------+--------+-----+--------+
         Total |   6253 |   6158 |     95 |    561 |   4550 |   6 | 1042.2 |
       Dungeon |   6253 |   6158 |     95 |    561 |   4550 |   6 | 1042.2 |
               +--------+--------+--------+--------+--------+-----+--------+

Top non-repeatable levels by time:
     D:2: 1613 daAuts
     D:4: 1562 daAuts
     D:3: 1216 daAuts
     D:5: 1177 daAuts
     D:1: 659 daAuts
     D:6: 24 daAuts
